R+ - U24
RALEIGH CUBS @ KINSTON INDIANS
09/05/2052
 
TOP OF THE 1ST
Medicine Hat Stampede batting - Pitching for Missoula Osprey : RHP Avelino Chairez
Pitching: RHP Avelino Chairez
Batting: LHB Roberto Santana 0-0: Ball
1-0: Ball
2-0: Ball
3-0: Base on Balls
Batting: RHB Berkly Schreider 0-0: Ball
1-0: Fly out, F7 (Line Drive, 7D, EV 111.9 MPH)
Batting: RHB Victor Hernandez 0-0: Ball
1-0: Ball
2-0: Called Strike
2-1: Ball
3-1: Called Strike
3-2: Strikes out swinging
Batting: RHB Cesar Achoy 0-0: Ball
1-0: SINGLE (Groundball, 34D, EV 103.1 MPH)
Roberto Santana to second
Runner from 2nd tries for 3rd, SAFE, no throw by RF
Batting: LHB J.F. Brown 0-0: Ball
1-0: Fly out, F8 (Flyball, 78XD, EV 104.4 MPH)
Top of the 1st over - 0 runs, 1 hit, 0 errors, 2 left on base; Medicine Hat 0 - Missoula 0
BOTTOM OF THE 1ST
Missoula Osprey batting - Pitching for Medicine Hat Stampede : LHP Evan Wireman
Pitching: LHP Evan Wireman
Batting: RHB Joe Miller 0-0: Ball
1-0: Foul Ball, location: 2F
1-1: Fly out, F8 (Flyball, 8RD, EV 96.9 MPH)
Batting: RHB Jason Burrill 0-0: Ball
1-0: Foul Ball, location: 2F
1-1: Ball
2-1: Foul Ball, location: 2F
2-2: Foul Ball, location: 2F
2-2: Strikes out swinging
Batting: RHB Dakota Stafford 0-0: Ball
1-0: Foul Ball, location: 2F
1-1: Ground out 5-3 (Groundball, 56S, EV 81.2 MPH)
Bottom of the 1st over - 0 runs, 0 hits, 0 errors, 0 left on base; Medicine Hat 0 - Missoula 0
TOP OF THE 2ND
Medicine Hat Stampede batting - Pitching for Missoula Osprey : RHP Avelino Chairez
Batting: LHB P.J. Rodgers 0-0: Called Strike
0-1: Ball
1-1: Called Strike
1-2: Ball
2-2: Strikes out swinging
Batting: RHB Collin Richardson 0-0: Foul Ball, location: 2F
0-1: Foul Ball, location: 2F
0-2: Ball
1-2: Ball
2-2: Ground out 3-1 (Groundball, 34S, EV 68.8 MPH)
Batting: LHB Arundel Brown 0-0: Foul Ball, location: 2F
0-1: Ball
1-1: Ball
2-1: Called Strike
2-2: Foul Ball, location: 2F
2-2: Ball
3-2: Foul Ball, location: 2F
3-2: Foul Ball, location: 2F
3-2: SINGLE (Groundball, P, EV 87.5 MPH) (infield hit)
Batting: RHB Kris DiGiovanni 0-0: Called Strike
0-1: Ball
1-1: Ball
2-1: Ball
3-1: Base on Balls
Arundel Brown to second
Batting: LHB Roberto Santana 0-0: Ball
1-0: SINGLE (Groundball, 34, EV 95.6 MPH)
Arundel Brown to third
Kris DiGiovanni to second
Batting: RHB Berkly Schreider 0-0: Ball
1-0: SINGLE (Line Drive, 6MD, EV 94.4 MPH)
Arundel Brown scores
Kris DiGiovanni to third
Roberto Santana to second
Runner from 3rd tries for Home, SAFE, throw by CF to home
Batting: RHB Victor Hernandez 0-0: Foul Ball, location: 2F
0-1: Ground out 6-3 (Groundball, 6MS, EV 90.6 MPH)
Top of the 2nd over - 2 runs, 3 hits, 0 errors, 2 left on base; Medicine Hat 2 - Missoula 0
BOTTOM OF THE 2ND
Missoula Osprey batting - Pitching for Medicine Hat Stampede : LHP Evan Wireman
Batting: RHB Andy Schweickert 0-0: Foul Ball, location: 2F
0-1: Swinging Strike
0-2: Ball
1-2: Ball
2-2: Strikes out swinging
Batting: RHB D.J. Toya 0-0: Ball
1-0: Fly out, F8 (Flyball, 8LS, EV 89.4 MPH)
Batting: RHB Graham Maeder 0-0: Ball
1-0: Foul Ball, location: 2F
1-1: Called Strike
1-2: Ball
2-2: Ball
3-2: Foul Ball, location: 2F
3-2: Strikes out looking
Bottom of the 2nd over - 0 runs, 0 hits, 0 errors, 0 left on base; Medicine Hat 2 - Missoula 0
TOP OF THE 3RD
Medicine Hat Stampede batting - Pitching for Missoula Osprey : RHP Avelino Chairez
Batting: RHB Cesar Achoy 0-0: Ground out 1-3 (Groundball, 15S, EV 63.8 MPH)
Batting: LHB J.F. Brown 0-0: Called Strike
0-1: Called Strike
0-2: Foul Ball, location: 2F
0-2: Foul Ball, location: 2F
0-2: Foul Ball, location: 2F
0-2: Ball
1-2: Ball
2-2: SOLO HOME RUN (Flyball, 89XD, EV 106.2 MPH), Distance : 428 ft
Batting: LHB P.J. Rodgers 0-0: Ball
1-0: Called Strike
1-1: Foul Ball, location: 2F
1-2: Ball
2-2: Foul Ball, location: 2F
2-2: Ball
3-2: Base on Balls
Batting: RHB Collin Richardson 0-0: Foul Ball, location: 2F
0-1: Ball
1-1: Ball
2-1: Foul Ball, location: 2F
2-2: Ball
3-2: Grounds into double play, 5-4-3 (Groundball, 5, EV 90.6 MPH)
Top of the 3rd over - 1 run, 1 hit, 0 errors, 0 left on base; Medicine Hat 3 - Missoula 0
BOTTOM OF THE 3RD
Missoula Osprey batting - Pitching for Medicine Hat Stampede : LHP Evan Wireman
Batting: RHB Colton McGuire 0-0: Called Strike
0-1: Ball
1-1: Swinging Strike
1-2: Strikes out looking
Batting: RHB Jude Matthews 0-0: Called Strike
0-1: Ball
1-1: Fly out, F7 (Flyball, 7S, EV 96.2 MPH)
Batting: RHB Justin Hassler 0-0: Ground out 4-3 (Groundball, 4D, EV 100.6 MPH)
Bottom of the 3rd over - 0 runs, 0 hits, 0 errors, 0 left on base; Medicine Hat 3 - Missoula 0
TOP OF THE 4TH
Medicine Hat Stampede batting - Pitching for Missoula Osprey : RHP Avelino Chairez
Batting: LHB Arundel Brown 0-0: Swinging Strike
0-1: Foul Ball, location: 2F
0-2: Foul Ball, location: 2F
0-2: Ball
1-2: Fly out, F8 (Flyball, 89D, EV 105.6 MPH)
Batting: RHB Kris DiGiovanni 0-0: Ball
1-0: Ball
2-0: Ball
3-0: Base on Balls
Batting: LHB Roberto Santana 0-0: Called Strike
0-1: Ball
1-1: 2-RUN HOME RUN (Flyball, 89XD, EV 108.8 MPH) (Inside the Park)
Pitching: RHP Mark Fogelberg
Batting: RHB Berkly Schreider 0-0: Ball
1-0: Called Strike
1-1: Ball
2-1: Ball
3-1: Base on Balls
Batting: RHB Victor Hernandez 0-0: Ball
Berkly Schreider steals 2nd base
1-0: Called Strike
1-1: Ball
2-1: Fly out, F3 (Popup, 3SF, EV 75.0 MPH)
Batting: RHB Cesar Achoy 0-0: Ground out 6-3 (Groundball, 56, EV 108.1 MPH)
Top of the 4th over - 2 runs, 1 hit, 0 errors, 1 left on base; Medicine Hat 5 - Missoula 0
BOTTOM OF THE 4TH
Missoula Osprey batting - Pitching for Medicine Hat Stampede : LHP Evan Wireman
Batting: RHB Joe Miller 0-0: SINGLE (Groundball, 5S, EV 77.5 MPH) (infield hit)
Batting: RHB Jason Burrill 0-0: Called Strike
0-1: Grounds into double play, 5-4-3 (Groundball, 56, EV 87.5 MPH)
Batting: RHB Dakota Stafford 0-0: Ball
1-0: Called Strike
1-1: Foul Ball, location: 2F
1-2: Ball
2-2: Foul Ball, location: 2F
2-2: Foul Ball, location: 2F
2-2: Ball
3-2: SINGLE (Groundball, 6MD, EV 101.9 MPH)
Batting: RHB Andy Schweickert 0-0: Ball
1-0: Called Strike
1-1: Ball
2-1: Foul Ball, location: 2F
2-2: Fly out, F9 (Flyball, 9S, EV 83.8 MPH)
Bottom of the 4th over - 0 runs, 2 hits, 0 errors, 1 left on base; Medicine Hat 5 - Missoula 0
TOP OF THE 5TH
Medicine Hat Stampede batting - Pitching for Missoula Osprey : RHP Mark Fogelberg
Batting: LHB J.F. Brown 0-0: Called Strike
0-1: Foul Ball, location: 2F
0-2: Ball
1-2: Strikes out swinging
Batting: LHB P.J. Rodgers 0-0: SOLO HOME RUN (Flyball, 9D, EV 98.1 MPH), Distance : 362 ft
Batting: RHB Collin Richardson 0-0: Ball
1-0: Swinging Strike
1-1: Called Strike
1-2: DOUBLE (Line Drive, 9LS, EV 105.0 MPH)
Batting: LHB Arundel Brown 0-0: Ball
1-0: Foul Ball, location: 2F
1-1: Swinging Strike
1-2: Ground out 1-3 (Groundball, 34S, EV 75.0 MPH)
Collin Richardson to third
Batting: RHB Kris DiGiovanni 0-0: Ball
1-0: Fly out, F9 (Flyball, 9LD, EV 86.2 MPH)
Top of the 5th over - 1 run, 2 hits, 0 errors, 1 left on base; Medicine Hat 6 - Missoula 0
BOTTOM OF THE 5TH
Missoula Osprey batting - Pitching for Medicine Hat Stampede : LHP Evan Wireman
Batting: RHB D.J. Toya 0-0: Foul Ball, location: 2F
0-1: Ball
1-1: Swinging Strike
1-2: Ball
2-2: Foul Ball, location: 2F
2-2: Strikes out swinging
Batting: RHB Graham Maeder 0-0: Swinging Strike
0-1: Ball
1-1: Ball
2-1: Ball
3-1: Called Strike
3-2: Strikes out swinging
Batting: RHB Colton McGuire 0-0: Ball
1-0: Called Strike
1-1: Ball
2-1: Ball
3-1: Called Strike
3-2: Strikes out swinging
Bottom of the 5th over - 0 runs, 0 hits, 0 errors, 0 left on base; Medicine Hat 6 - Missoula 0
TOP OF THE 6TH
Medicine Hat Stampede batting - Pitching for Missoula Osprey : RHP Mark Fogelberg
Batting: LHB Roberto Santana 0-0: Foul Ball, location: 2F
0-1: Swinging Strike
0-2: SOLO HOME RUN (Flyball, 9D, EV 95.6 MPH), Distance : 352 ft
Batting: RHB Berkly Schreider 0-0: Ball
1-0: Ball
2-0: Foul Ball, location: 2F
2-1: Ball
3-1: Base on Balls
Batting: RHB Victor Hernandez 0-0: Ball
1-0: Foul Ball, location: 2F
1-1: Foul Ball, location: 2F
1-2: Ball
2-2: Ball
3-2: Fielders Choice at 2nd, 1-4 (Groundball, P, EV 69.4 MPH)
Pitching: RHP Eduardo Campos
Batting: RHB Cesar Achoy 0-0: Ball
1-0: Called Strike
1-1: Ball
2-1: Ball
3-1: Base on Balls
Victor Hernandez to second
Batting: LHB J.F. Brown 0-0: Called Strike
0-1: Ball
1-1: Ball
2-1: Foul Ball, location: 2F
2-2: Fly out, F3 (Line Drive, 3, EV 68.8 MPH)
Batting: LHB P.J. Rodgers 0-0: Ball
1-0: Fly out, F8 (Flyball, 8RS, EV 88.8 MPH)
Top of the 6th over - 1 run, 1 hit, 0 errors, 2 left on base; Medicine Hat 7 - Missoula 0
BOTTOM OF THE 6TH
Missoula Osprey batting - Pitching for Medicine Hat Stampede : LHP Evan Wireman
Batting: RHB Jude Matthews 0-0: Called Strike
0-1: SINGLE (Groundball, 6MD, EV 101.2 MPH)
Batting: RHB Justin Hassler 0-0: Fly out, F4 (Popup, 4S, EV 71.9 MPH)
Batting: RHB Joe Miller 0-0: Ball
1-0: Ball
2-0: Swinging Strike
2-1: Swinging Strike
2-2: Fly out, F8 (Line Drive, 8LD, EV 86.9 MPH)
Batting: RHB Jason Burrill 0-0: Ball
1-0: Ball
2-0: Foul Ball, location: 2F
2-1: Ball
3-1: Foul Ball, location: 2F
3-2: Strikes out swinging
Bottom of the 6th over - 0 runs, 1 hit, 0 errors, 1 left on base; Medicine Hat 7 - Missoula 0
TOP OF THE 7TH
Medicine Hat Stampede batting - Pitching for Missoula Osprey : RHP Eduardo Campos
Pinch Hitting: RHB Wilson Marciel 0-0: Ball
1-0: Called Strike
1-1: SOLO HOME RUN (Flyball, 7D, EV 95.0 MPH), Distance : 365 ft
Batting: LHB Arundel Brown 0-0: Swinging Strike
0-1: Foul Ball, location: 2F
0-2: Ball
1-2: Ball
2-2: Ground out 4-3 (Groundball, 34D, EV 102.5 MPH)
Batting: RHB Kris DiGiovanni 0-0: Foul Ball, location: 2F
0-1: Ball
1-1: Ball
2-1: Ball
3-1: Base on Balls
Batting: LHB Roberto Santana 0-0: Called Strike
0-1: Swinging Strike
0-2: Foul Ball, location: 2F
0-2: Strikes out looking
Batting: RHB Berkly Schreider 0-0: Fielders Choice at 2nd, 6-4 (Groundball, 6, EV 81.2 MPH)
Top of the 7th over - 1 run, 1 hit, 0 errors, 1 left on base; Medicine Hat 8 - Missoula 0
BOTTOM OF THE 7TH
Missoula Osprey batting - Pitching for Medicine Hat Stampede : LHP Evan Wireman
Now at 3B: P.J. Schurman
Batting: RHB Dakota Stafford 0-0: Ball
1-0: Ball
2-0: Fly out, F9 (Flyball, 9LM, EV 91.2 MPH)
Pitching: RHP Alex Rodarte
Batting: RHB Andy Schweickert 0-0: Ball
1-0: Ball
2-0: Foul Ball, location: 2F
2-1: Ball
3-1: Fly out, F5 (Popup, 5F, EV 65.0 MPH)
Batting: RHB D.J. Toya 0-0: Called Strike
0-1: Foul Ball, location: 2F
0-2: Ball
1-2: Ball
2-2: Strikes out looking
Bottom of the 7th over - 0 runs, 0 hits, 0 errors, 0 left on base; Medicine Hat 8 - Missoula 0
TOP OF THE 8TH
Medicine Hat Stampede batting - Pitching for Missoula Osprey : RHP Eduardo Campos
Pinch Hitting: SHB Carlton De Stefano 0-0: Ball
1-0: Called Strike
1-1: Swinging Strike
1-2: Foul Ball, location: 2F
1-2: Strikes out looking
Pitching: RHP Ivan Ramos
Batting: RHB Cesar Achoy 0-0: Ground out 5-3 (Groundball, 56S, EV 76.9 MPH)
Batting: LHB J.F. Brown 0-0: Called Strike
0-1: Ground out 1-3 (Groundball, 15S, EV 70.6 MPH)
Top of the 8th over - 0 runs, 0 hits, 0 errors, 0 left on base; Medicine Hat 8 - Missoula 0
BOTTOM OF THE 8TH
Missoula Osprey batting - Pitching for Medicine Hat Stampede : RHP Alex Rodarte
Now at 1B: Carlton De Stefano
Now in LF: J.F. Brown
Batting: RHB Graham Maeder 0-0: Ball
1-0: Ball
2-0: Fly out, F7 (Flyball, 78XD, EV 101.2 MPH)
Pinch Hitting: LHB Ross Dix 0-0: Ball
1-0: Called Strike
1-1: Foul Ball, location: 2F
1-2: Ball
2-2: Strikes out swinging
Batting: RHB Jude Matthews 0-0: SINGLE (Groundball, 56D, EV 96.2 MPH)
Batting: RHB Justin Hassler 0-0: Ball
1-0: Ball
2-0: Called Strike
2-1: Foul Ball, location: 2F
2-2: Foul Ball, location: 2F
2-2: Strikes out swinging
Bottom of the 8th over - 0 runs, 1 hit, 0 errors, 1 left on base; Medicine Hat 8 - Missoula 0
TOP OF THE 9TH
Medicine Hat Stampede batting - Pitching for Missoula Osprey : RHP Ivan Ramos
Now at SS: Ross Dix
Batting: LHB P.J. Rodgers 0-0: Ball
1-0: Ball
2-0: Called Strike
2-1: Ball
3-1: Base on Balls
Batting: RHB P.J. Schurman 0-0: SINGLE (Groundball, 4MS, EV 63.1 MPH) (infield hit)
P.J. Rodgers to second
Batting: LHB Arundel Brown 0-0: Ball
1-0: Ball
2-0: Swinging Strike
2-1: Foul Ball, location: 2F
2-2: Foul Ball, location: 2F
2-2: Ball
3-2: Strikes out swinging
Batting: RHB Kris DiGiovanni 0-0: Foul Ball, location: 2F
0-1: Swinging Strike
0-2: Grounds into double play, 5-4-3 (Groundball, 5S, EV 82.5 MPH)
Top of the 9th over - 0 runs, 1 hit, 0 errors, 1 left on base; Medicine Hat 8 - Missoula 0
BOTTOM OF THE 9TH
Missoula Osprey batting - Pitching for Medicine Hat Stampede : RHP Alex Rodarte
Batting: RHB Joe Miller 0-0: Ball
1-0: Ball
2-0: Ball
3-0: Called Strike
3-1: Foul Ball, location: 2F
3-2: Base on Balls
Batting: RHB Jason Burrill 0-0: Ball
1-0: Foul Ball, location: 2F
1-1: Called Strike
1-2: Ball
2-2: Strikes out swinging
Batting: RHB Dakota Stafford 0-0: Called Strike
0-1: Called Strike
0-2: Fly out, F8 (Flyball, 8RM, EV 91.2 MPH)
Batting: RHB Andy Schweickert 0-0: Foul Ball, location: 2F
0-1: Fly out, F8 (Flyball, 8RD, EV 99.4 MPH)
Bottom of the 9th over - 0 runs, 0 hits, 0 errors, 1 left on base; Medicine Hat 8 - Missoula 0
Monday, May 6th , 2024 - OOTP Baseball 24.11 Build 85